 Dungeon Crawl Stone Soup version 0.26-a0-651-gb41185065b (webtiles) character file.

Game seed: 352072464005608758

797 Lanoc the Charlatan (level 7, -5/60 HPs)
             Began as a Minotaur Artificer on Oct 10, 2020.
             Was an Initiate of Ru.
             Slain by a sky beast (6 damage)
             ... on level 5 of the Dungeon.
             The game lasted 00:05:05 (4113 turns).

Lanoc the Charlatan (Minotaur Artificer)            Turns: 4113, Time: 00:05:06

Health: -5/60      AC:  3    Str: 16    XL:     7   Next: 58%
Magic:  6/6        EV: 13    Int:  8    God:    Ru [......]
Gold:   148        SH:  0    Dex: 13    Spells: 6/6 levels left

rFire    . . .     SeeInvis .   i - +0 flail
rCold    . . .     Faith    .   (no shield)
rNeg     . . .     Spirit   .   b - +0 leather armour
rPois    .         Reflect  .   (helmet restricted)
rElec    .         Harm     .   (no cloak)
rCorr    +         Rampage  .   (no gloves)
MR       .....                  (no boots)
Stlth    +.........             (no amulet)
HPRegen  0.20/turn              n - ring of resist corrosion
MPRegen  0.10/turn              (no ring)

@: no status effects
A: retaliatory headbutt, horns 2
a: Renounce Religion


You were on level 5 of the Dungeon.
You worshipped Ru.
Ru was noncommittal.
You visited 2 branches of the dungeon, and saw 6 of its levels.

You collected 190 gold pieces.
You spent 42 gold pieces at shops.

Inventory:

Hand Weapons
 i - a +0 flail (weapon)
Armour
 b - a +0 leather armour (worn)
Jewellery
 n - a ring of resist corrosion (left hand)
Wands
 c - a wand of flame (10)
 d - a wand of enslavement (13)
 e - a wand of random effects (7)
Scrolls
 a - 2 scrolls of blinking {unknown}
 f - 2 scrolls of teleportation
 h - 6 scrolls of identify {unknown}
 j - 3 scrolls of random uselessness {unknown}
 l - a scroll of enchant weapon {unknown}
 m - a scroll of fog {unknown}
 p - 3 scrolls of fear {unknown}
 r - a scroll of immolation {unknown}
 s - a scroll of enchant armour {unknown}
 t - a scroll of remove curse {unknown}
Potions
 g - 2 potions of mutation {unknown}
 k - 2 potions of resistance {unknown}
 o - a potion of brilliance {unknown}
 q - 2 potions of curing {unknown}


   Skills:
 + Level 4.6 Fighting
 + Level 5.0 Armour
 + Level 4.1 Dodging
 - Level 0.7 Stealth
 * Level 5.6 Evocations


You had 6 spell levels left.
You didn't know any spells.
Your spell library was empty.

Dungeon Overview and Level Annotations

Branches:
Dungeon (5/15)             Temple (1/1) D:4

Altars:
Cheibriados
Elyvilon
Gozag
Hepliaklqana
Kikubaaqudgha
Makhleb
Nemelex Xobeh
Okawaru
Qazlal
Ru
Sif Muna
Trog
Uskayaw
Vehumet
Yredelemnul
The Shining One

Shops:
D:4 (*?


Innate Abilities, Weirdness & Mutations

You reflexively headbutt those who attack you in melee.
You have a pair of horns on your head.


Message History

The sky beast is heavily wounded.
The sky beast closely misses you. The sky beast misses you.
You closely miss the sky beast.
The sky beast is heavily wounded.
The sky beast flickers out of sight!
Deactivating autopickup; reactivate with Ctrl-A.
Something hits you. Something shocks you.
* * * LOW HITPOINT WARNING * * *
You sock something!
A sky beast appears from thin air!
Reactivating autopickup.
The sky beast hits you.
* * * LOW HITPOINT WARNING * * *
The sky beast shocks you.
* * * LOW HITPOINT WARNING * * *
The sky beast flickers out of sight!
Deactivating autopickup; reactivate with Ctrl-A.
Something hits you.
* * * LOW HITPOINT WARNING * * *
Something shocks you.
You die...

####### #..... #.##.#
#.##.### ### #.#.....
#######
##.############.#.....
#.....#
#....@{.............##
#.###.#
#####.############.##..#
#.# #.###.....#####
#.##..#
#.###.............#
#.(#..#
..................#
##.#..#
#.######..#######.#
#.#... #.# #..# #.#
##.##.## #.# #..# #.#
##...#.# #.# #..# #.#
#..#..#.


There were no monsters in sight!

Vanquished Creatures
  Sigmund (D:3)
  An orc warrior (D:5)
  An ice beast (D:5)
  An ogre (D:4)
  A scorpion (D:4)
  A howler monkey (D:5)
  Terence (D:3)
  An orc wizard (D:3)
  5 worker ants (D:4)
  A worker ant zombie (D:5)
  6 adders
  An ooze (D:3)
  2 worms
  2 leopard geckos
  16 orcs
  4 giant cockroaches
  A goblin (D:3)
  2 hobgoblins
  4 jackals (D:3)
  A kobold (D:2)
  2 quokkas
  A ball python (D:4)
  A frilled lizard (D:1)
  2 jackal skeletons (D:4)
  4 rats
63 creatures vanquished.

Vanquished Creatures (collateral kills)
  An orc priest (D:5)
  An orc (D:5)
2 creatures vanquished.

Grand Total: 65 creatures vanquished

Notes
Turn   | Place    | Note
-------+----------+-------------------------------------------
     0 | D:1      | Lanoc the Minotaur Artificer began the quest for the Orb.
     0 | D:1      | Reached XP level 1. HP: 16/16 MP: 0/0
   193 | D:2      | Found a white marble altar of Elyvilon.
   355 | D:2      | You fall into a shaft and drop 1 floor!
   355 | D:3      | Found an iron altar of Okawaru.
   364 | D:3      | Reached XP level 2. HP: 15/24 MP: 1/1
   766 | D:3      | Noticed Terence
   776 | D:3      | Killed Terence
   776 | D:3      | Reached XP level 3. HP: 29/29 MP: 2/2
  1220 | D:3      | Reached XP level 4. HP: 36/36 MP: 3/3
  1290 | D:3      | Noticed Sigmund
  1292 | D:3      | Killed Sigmund
  1292 | D:3      | Reached XP level 5. HP: 33/45 MP: 4/4
  1730 | D:4      | Found Docyiw's Magic Scroll Emporium.
  1737 | D:4      | Bought a scroll of teleportation for 42 gold pieces
  1757 | D:4      | Found a stormy altar of Qazlal.
  1757 | D:4      | Found a white marble altar of Elyvilon.
  1761 | D:4      | Reached XP level 6. HP: 50/51 MP: 5/5
  1780 | D:4      | Found a staircase to the Ecumenical Temple.
  1846 | Temple   | Entered the Ecumenical Temple
  1964 | Temple   | Became a worshipper of Ru the Awakened
  2643 | D:4      | Found Ifile's General Store.
  3393 | D:4      | Found Migreri's Weapon Shoppe.
  3433 | D:4      | Reached skill level 5 in Evocations
  3433 | D:4      | Reached XP level 7. HP: 40/59 MP: 6/6
  3738 | D:5      | Entered Level 5 of the Dungeon
  3971 | D:5      | Reached skill level 5 in Armour
  4113 | D:5      | HP: 1/60 [something (3)]
  4113 | D:5      | Slain by a sky beast

Illustrated notes

Levels and vault maps discovered:
D:1:      psy_arrival_terrarium, layout_loops_ring
D:2:      minmay_thinvault, layout_loops_ring, old_standard_altar,
          elyvilon_altar_4
D:3:      layout_basic, okawaru_trees_2, uniq_terence, uniq_sigmund
D:4:      layout_loops_corners, gammafunk_temple_overflow_statue,
          minmay_temple_entry_grid, serial_shops,
          nicolae_shop_temple_entry_statues_fountains, nicolae_shop_trees,
          nicolae_shop_statue_plus
D:5:      layout_loops_ring, ashenzari_altar_1, uniq_pikel
Temple:   dshaligram_water_room_temple

Skill      XL: |  1  2  3  4  5  6  7 |
---------------+----------------------+-----
Evocations     | 3 4 5 |  5.6
Fighting       | 2 3 4 |  4.6
Armour         | 3 4 5 |  5.0
Dodging        | 2 3 4 |  4.1
Stealth        | |  0.7

Action                   |  1- 3 |  4- 6 |  7- 9 || total
-------------------------+-------+-------+-------++-------
Melee: Club              |    33 |       |       ||    33
       Headbutt          |     7 |    17 |     6 ||    30
       Flail             |    18 |    82 |    31 ||   131
Evoke: Wand              |     5 |     4 |     6 ||    15
 Stab: Sleeping          |     1 |     2 |       ||     3
Armor: Leather armour    |    10 |    13 |     4 ||    27
Dodge: Dodged            |    47 |    67 |    22 ||   136

Table legend: (Time is in decaauts)
 A = Elapsed time spent in this place.
 B = Non-inter-level travel time spent in this place.
 C = Inter-level travel time spent in this place.
 D = Time resting spent in this place.
 E = Time spent auto-exploring this place.
 F = Levels seen in this place.
 G = Mean time per level.
                   A        B        C        D        E       F      G
               +--------+--------+--------+--------+--------+-----+--------+
         Total |   4173 |   4088 |     85 |      0 |   3543 |   6 |  695.5 |
       Dungeon |   4038 |   3968 |     70 |      0 |   3474 |   5 |  807.6 |
        Temple |    134 |    119 |     15 |      0 |     69 |   1 |  134.0 |
               +--------+--------+--------+--------+--------+-----+--------+

Top non-repeatable levels by time:
     D:4: 1899 daAuts
     D:3: 1396 daAuts
     D:5: 385 daAuts
     D:2: 286 daAuts
  Temple: 134 daAuts
     D:1: 70 daAuts
